 Dungeon Crawl Stone Soup version 0.23.0 (webtiles) character file.

Game seed: 5750124198066729129

131030 tv1990 the Severer (level 17, 0/135 HPs)
             Began as a Formicid Monk on Feb 8, 2019.
             Was a High Priest of Okawaru.
             Slain by a wolf spider (4 damage)
             ... summoned by the power of Zot
             ... while petrified
             ... on level 1 of the Spider Nest on Feb 10, 2019.
             The game lasted 01:57:36 (25767 turns).

tv1990 the Severer (Formicid Monk)                 Turns: 25767, Time: 01:57:37

Health: 0/135      AC: 30    Str: 21    XL:     17   Next: 66%
Magic:  0/32       EV:  2    Int: 23    God:    Okawaru [*****.]
Gold:   677        SH:  0    Dex: 16    Spells: 16/16 levels left

rFire    + . .     SeeInvis +   k - +0 arbalest
rCold    . . .     Gourm    .   W - +0 large shield
rNeg     + + +     Faith    .   N - +9 plate armour of the Bells {Int+7 Dex+3 Stlth-}
rPois    ∞         Spirit   +   (helmet unavailable)
rElec    +         Reflect  .   Z - scarf {Spirit}
rCorr    .         Harm     .   x - +0 pair of gloves
MR       +....                  R - +0 pair of boots
Stlth    ..........             Q - amulet of magic regeneration
HPRegen  0.32/turn              y - ring of magical power
MPRegen  0.48/turn              O - ring of Azeukh {rElec rPois rF+ Int+6 Dex-2}

@: confused, petrified, heroism, very slightly contaminated, invisible
A: permanent stasis, dig shafts and tunnels, four strong arms, antennae 3
a: Dig, Shaft Self, Heroism, Finesse, Renounce Religion


You were on level 1 of the Spider Nest.
You worshipped Okawaru.
Okawaru was extremely pleased with you.
You were hungry.

You visited 5 branches of the dungeon, and saw 25 of its levels.
You visited the Abyss 1 time.
You also visited: Bailey.

You collected 2783 gold pieces.
You spent 2106 gold pieces at shops.

Inventory:

Hand Weapons
 g - a +2 battleaxe of distortion
 k - a +0 arbalest (weapon)
 G - a +6 flail of protection
 J - the +1 executioner's axe "Qaviqam" {freeze, Dex+2 SInv}
   (Okawaru gifted it to you on level 11 of the Dungeon)

   It has been specially enchanted to freeze those struck by it, causing extra
   injury to most foes and up to half again as much damage against particularly
   susceptible opponents.
   It can also slow down cold-blooded creatures.
   It affects your dexterity (+2).
   It lets you see invisible.
Missiles
 o - 298 bolts (quivered)
Armour
 b - a scarf of resistance
 x - a +0 pair of gloves (worn)
 N - the +9 plate armour of the Bells (worn) {Int+7 Dex+3 Stlth-}
   (You bought it in a shop on level 15 of the Dungeon)

   It affects your intelligence (+7).
   It affects your dexterity (+3).
   It makes you less stealthy.
 R - a +0 pair of boots (worn)
 W - a +0 large shield (worn)
 Z - a scarf of spirit shield (worn)
Jewellery
 r - a +5 ring of protection
 w - an uncursed ring of protection from cold
 y - a ring of magical power (left hand)
 L - the ring of Equilibrium {rPois rF+}
   (You found it on level 9 of the Dungeon)

   [ring of protection from fire]

   It protects you from fire.
   It protects you from poison.
 O - the ring of Azeukh (right hand) {rElec rPois rF+ Int+6 Dex-2}
   (You acquired it on level 12 of the Dungeon)

   [ring of poison resistance]

   It affects your intelligence (+6).
   It affects your dexterity (-2).
   It protects you from fire.
   It insulates you from electricity.
   It protects you from poison.
 Q - an amulet of magic regeneration (around neck)
 U - an uncursed amulet of guardian spirit
Wands
 f - a wand of iceblast (28)
 j - a wand of scattershot (2)
 F - a wand of paralysis (15)
 I - a wand of disintegration (11)
 S - a wand of acid (9)
 Y - a wand of digging (5)
Scrolls
 d - 7 scrolls of amnesia
 e - 2 scrolls of silence
 i - a scroll of holy word
 l - a scroll of summoning
 n - 8 scrolls of immolation
 p - 7 scrolls of enchant armour
 q - 7 scrolls of enchant weapon
 t - 13 scrolls of remove curse
 v - a scroll of magic mapping
 B - 5 scrolls of fear
 E - 6 scrolls of identify
 K - 3 scrolls of fog
 P - 3 scrolls of vulnerability
Potions
 a - a potion of mutation
 h - a potion of invisibility
 m - a potion of might
 s - a potion of resistance
 u - 8 potions of curing
 z - 2 potions of heal wounds
 D - 6 potions of flight
 H - 5 potions of brilliance
 X - 2 potions of agility
Comestibles
 c - 47 rations
 A - 2 chunks of flesh


   Skills:
 + Level 12.9(17.9) Fighting
 * Level 18.6(23.6) Axes
 + Level 12.5(17.5) Armour
 - Level 2.6(7.6) Dodging
 - Level 2.4(7.4) Stealth
 - Level 15.0(20.0) Shields
 - Level 9.1 Invocations


You had 16 spell levels left.
You didn't know any spells.
Your spell library contained the following spells:

 Spells                   Type           Power        Failure   Level  Hunger
 Beastly Appendage        Tmut           #.....       78%         1    ##.....
 Freeze                   Ice            #...         78%         1    ##.....
 Magic Dart               Conj           #...         78%         1    ##.....
 Shock                    Conj/Air       #...         78%         1    ##.....
 Summon Small Mammal      Summ           #...         78%         1    ##.....
 Call Imp                 Summ           #.......     89%         2    ###....
 Poisonous Vapours        Pois/Air       #.....       89%         2    ###....
 Slow                     Hex            #.......     89%         2    ###....
 Sticks to Snakes         Tmut           #.......     89%         2    ###....
 Swiftness                Chrm/Air       #.......     89%         2    ###....
 Throw Frost              Conj/Ice       #.....       89%         2    ###....
 Call Canine Familiar     Summ           #.......     98%         3    ####...
 Conjure Flame            Conj/Fire      #.......     98%         3    ####...
 Mephitic Cloud           Conj/Pois/Air  #.......     98%         3    ####...
 Ozocubu's Armour         Chrm/Ice       #.......     98%         3    ####...
 Spider Form              Tmut/Pois      #.........   98%         3    ####...
 Static Discharge         Conj/Air       #.......     98%         3    ####...
 Summon Guardian Golem    Hex/Summ       #.......     98%         3    ####...
 Airstrike                Air            #.........   100%        4    #####..
 Ice Form                 Ice/Tmut       #.......     100%        4    #####..
 Sticky Flame             Conj/Fire      #.......     100%        4    #####..
 Summon Ice Beast         Ice/Summ       #.......     100%        4    #####..
 Summon Lightning Spire   Summ/Air       #.......     100%        4    #####..
 Throw Icicle             Conj/Ice       #.......     100%        4    #####..
 Blade Hands              Tmut           #.........   100%        5    ######.
 Lightning Bolt           Conj/Air       #.........   100%        5    ######.
 Freezing Cloud           Conj/Ice/Air   #.........   100%        6    #######
 Ring of Flames           Chrm/Fire      #.........   100%        7    #######
 Ignition                 Fire           #.........   100%        8    #######
 Blink                    Tloc           Unusable     N/A         2    N/A

Dungeon Overview and Level Annotations

Branches:
Dungeon (15/15)            Temple (1/1) D:5            Lair (6/6) D:9
  Swamp (0/4) Lair:4       Spider (1/4) Lair:2        Slime (0/5) Lair:5
    Orc (2/2) D:12            Elf (0/3) Orc:2        Vaults (0/5) D:14
 Depths (0/5) D:15

Altars:
Ashenzari
Dithmenos
Elyvilon
Gozag
Hepliaklqana
Kikubaaqudgha
Makhleb
Okawaru
Ru
Sif Muna
Trog
Yredelemnul
Beogh
Jiyva

Shops:
D:7 =   D:15 [   Orc:2 **?%[

Portals:
Trove: D:10 (give +3 storm dragon scales)

Annotations:
D:8 exclusion: downstairs
Lair:6 exclusion: oklob plant
Spider:1 1 transporter


Innate Abilities, Weirdness & Mutations

You cannot be hasted, slowed, berserked, paralysed or teleported.
You can dig through walls and to a lower floor.
Your four strong arms can wield two-handed weapons with a shield.
You have a pair of large antennae on your head. (SInv)


Message History

The acid blast engulfs the chaos spawn!!
The chaos spawn is splashed with acid!
The chaos spawn dies!
The chaos spawn degenerates into a cloud of primal chaos!
The wolf spider hisses angrily.
The tarantella hisses angrily.
You hear a loud "Zot"!
The wolf spider hits you but does no damage.
The wolf spider bites you but does no damage.
You hear a loud "Zot"!
The demonic crawler hits you but does no damage. x3
The reaper hits you but does no damage.
You hear a loud "Zot"!
The wolf spider hits you but does no damage.
The wolf spider bites you but does no damage.
The demonic crawler hits you but does no damage.
The demonic crawler completely misses you.
The demonic crawler hits you but does no damage.
You hear a loud "Zot"! x4
The wolf spider hits you!
You die...

..# ####^.#.## #### #........ ..#
#..^..#.^...^.#=^$###........
..###^^.#^^.#...^.#^(^###.>......
..###^..#^#^....^^+)^$###........
.©###©.^.^^^#...ss#^(©###©..)....
..###^.†#.#^....ss+:^$###........
..###^^.#^..#.2^ss#.(^###...#####
..# #...$.#^^..^s.#=^=###........
..# ####..#.###s@##### #........
..# ##......### #^.....## ..#
##^##^## ######........ ..#
###### ###............. .##
##..###^......... .########
######.### #.......... ......^.#
##.....## ###....##..
..#####.###.###### ##..####.
###.##≈≈≈##.## ##.# ##


You could see a reaper, a demonic crawler, a wolf spider, an orb spider, a
jumping spider, 2 tarantellas and 2 redbacks.

Vanquished Creatures
  Rupert (D:15)
  Frances (D:13)
  Agnes (D:15)
  An orc warlord (Bailey)
  A ghost moth (Spider:1)
  An entropy weaver (Spider:1)
  A stone giant (Orc:2)
  Azrael (D:13)
  Fannar (Lair:1)
  A yaktaur captain (D:15)
  Erolcha (D:9)
  3 vault guards (D:14)
  7 hydras
  2 centaur warriors (D:15)
  A catoblepas (D:14)
  4 two-headed ogres
  A tengu warrior (D:14)
  A queen ant (D:11)
  7 death yaks
  4 unseen horrors
  A wolf spider zombie (D:15)
  8 orc knights
  8 wolf spiders
  7 ugly things
  8 cyclopes
  A deep elf mage (D:15)
  An orc sorcerer (Orc:1)
  4 orb spiders (Spider:1)
  A moth of wrath (Spider:1)
  4 manticores
  Maurice (D:8)
  A rust devil (Spider:1)
  9 elephants
  3 black mambas
  5 spiny frogs
  4 gargoyles
  A spiny frog (shapeshifter) (D:14)
  2 kobold demonologists (D:15)
  3 rime drakes
  4 yaktaurs
  An ice devil (Spider:1)
  7 komodo dragons
  2 freezing wraiths
  A tengu conjurer (D:13)
  A demonic crawler (Spider:1)
  A harpy zombie (D:15)
  3 polar bears (Lair:6)
  9 trolls
  11 jumping spiders (Spider:1)
  9 hornets
  3 meliai (D:13)
  10 blink frogs (Lair:5)
  9 hippogriffs
  5 slime creatures (D:13)
  7 tarantellas (Spider:1)
  12 spriggans (Lair:6)
  23 redbacks
  2 shadows
  31 yaks
  A hungry ghost (D:8)
  A wraith (D:15)
  A spriggan (shapeshifter) (D:13)
  2 fire elementals (D:13)
  4 wyverns
  Eustachio (D:5)
  10 vampire mosquitoes
  2 basilisks
  7 wargs (Orc:2)
  Edmund (D:5)
  2 insubstantial wisps (Lair:1)
  5 acid dragons
  11 soldier ants
  2 hell hounds (D:13)
  12 water moccasins
  5 porcupines
  4 sky beasts
  A swamp drake (Lair:1)
  2 phantoms
  49 orc warriors
  A necrophage (D:13)
  3 black bears (Lair:6)
  7 ice beasts
  18 ogres
  8 eyes of draining
  21 wolves (Lair:6)
  3 boggarts (Lair:6)
  16 centaurs
  8 crocodiles
  Blork the orc (D:5)
  3 big kobolds
  14 bullfrogs
  A gnoll sergeant (D:10)
  A water moccasin zombie (D:5)
  3 scorpions
  3 wights (D:7)
  4 killer bees (D:13)
  An electric eel (Lair:4)
  6 howler monkeys
  8 crimson imps
  A bullfrog zombie (D:12)
  A gnoll shaman (Orc:1)
  A centaur zombie (D:12)
  3 hounds
  3 jellies
  13 orc priests
  3 centaur skeletons
  14 orc wizards
  A bullfrog skeleton (D:11)
  7 iguanas
  36 worker ants
  Natasha (D:2)
  A hell rat (D:9)
  A killer bee zombie (D:9)
  2 hound zombies
  3 hound skeletons
  2 worker ant zombies (D:10)
  9 gnolls
  17 adders
  3 shadow imps
  2 oozes
  4 worms
  2 dart slugs
  14 leopard geckos
  94 orcs
  5 giant cockroaches
  3 goblins
  12 hobgoblins
  12 jackals
  2 quokkas
  A ball python (D:3)
  A ball python zombie (D:5)
  7 bats
  32 kobolds
  A leopard gecko skeleton (D:4)
  3 quokka skeletons
  3 rats
  3 fungi
  A plant (Lair:6)
841 creatures vanquished.

Vanquished Creatures (others)
  2 chaos spawn (Spider:1)
  4 fungi
  2 plants
8 creatures vanquished.

Grand Total: 849 creatures vanquished

Notes
Turn   | Place    | Note
-------+----------+-------------------------------------------
     0 | D:1      | tv1990 the Formicid Monk began the quest for the Orb.
     0 | D:1      | Reached XP level 1. HP: 18/18 MP: 1/1
   122 | D:1      | Reached XP level 2. HP: 24/24 MP: 2/2
   209 | D:1      | You fall through a shaft!
   233 | D:2      | Reached skill level 1 in Armour
   365 | D:2      | Reached XP level 3. HP: 24/29 MP: 3/3
   851 | D:2      | Found a bloodstained altar of Trog.
   970 | D:2      | Reached XP level 4. HP: 35/37 MP: 4/4
   971 | D:2      | Reached skill level 4 in Axes
  1272 | D:2      | Noticed Natasha
  1364 | D:2      | Killed Natasha
  1364 | D:2      | Reached XP level 5. HP: 34/42 MP: 5/5
  1420 | D:2      | You fall through a shaft for 2 floors!
  1429 | D:4      | Noticed an ogre
  1442 | D:3      | You fall through a shaft for 3 floors!
  1442 | D:6      | Noticed an ice beast
  1457 | D:6      | Killed an ice beast
  1457 | D:6      | Reached XP level 6. HP: 38/49 MP: 6/6
  1638 | D:6      | Noticed a phantom
  1734 | D:5      | Entered Level 5 of the Dungeon
  1734 | D:5      | Found a basalt altar of Yredelemnul.
  1734 | D:5      | Found a hazy altar of Hepliaklqana.
  1734 | D:5      | Found a shattered altar of Ashenzari.
  1734 | D:5      | Noticed a sky beast
  1782 | D:5      | Noticed an ogre
  1820 | D:5      | Killed a sky beast
  1820 | D:5      | Reached skill level 5 in Axes
  2549 | D:3      | Found a burning altar of Makhleb.
  2580 | D:2      | You fall through a shaft!
  2675 | D:3      | Reached XP level 7. HP: 53/55 MP: 7/7
  2963 | D:3      | Reached skill level 5 in Fighting
  3239 | D:4      | Reached skill level 6 in Axes
  3548 | D:4      | Reached XP level 8. HP: 43/63 MP: 8/8
  3769 | D:5      | Noticed Blork the orc
  3803 | D:5      | Killed Blork the orc
  3803 | D:5      | Reached skill level 7 in Axes
  3870 | D:5      | Noticed Eustachio
  3938 | D:5      | Killed Eustachio
  4294 | D:5      | Noticed Edmund
  4366 | D:5      | Killed Edmund
  4366 | D:5      | Reached skill level 5 in Armour
  4668 | D:5      | Found a staircase to the Ecumenical Temple.
  4688 | D:5      | Reached skill level 8 in Axes
  4688 | D:5      | Reached XP level 9. HP: 62/71 MP: 9/9
  4692 | Temple   | Entered the Ecumenical Temple
  4754 | Temple   | Became a worshipper of Warmaster Okawaru
  4754 | Temple   | Reached * piety under Okawaru
  4754 | Temple   | Reached ** piety under Okawaru
  4897 | D:5      | Reached skill level 1 in Invocations
  4963 | D:5      | Found a shattered altar of Ashenzari.
  5292 | D:6      | Reached skill level 5 in Invocations
  5616 | D:6      | Found an ancient bone altar of Kikubaaqudgha.
  6091 | D:7      | Found Mydi Ewk's Jewellery Boutique.
  6669 | D:8      | Noticed a two-headed ogre
  6687 | D:8      | Killed a two-headed ogre
  6687 | D:8      | Reached *** piety under Okawaru
  6687 | D:8      | Reached skill level 9 in Axes
  6687 | D:8      | Reached XP level 10. HP: 65/79 MP: 11/14
  6711 | D:8      | Noticed Maurice
  6768 | D:8      | Killed Maurice
  6850 | D:8      | Reached **** piety under Okawaru
  6906 | D:8      | Reached skill level 10 in Axes
  7165 | D:8      | Noticed a two-headed ogre
  7193 | D:8      | Killed a two-headed ogre
  7219 | D:8      | Reached ***** piety under Okawaru
  7223 | D:8      | Reached XP level 11. HP: 48/87 MP: 15/15
  7440 | D:8      | Found a deep blue altar of Sif Muna.
  7605 | D:9      | Noticed Erolcha
  7620 | D:9      | Killed Erolcha
  7620 | D:9      | Reached skill level 11 in Axes
  7629 | D:9      | Found a staircase to the Lair.
  7629 | D:9      | Noticed a death yak
  7629 | D:9      | Noticed a death yak
  7825 | D:9      | Noticed a death yak
  8024 | Lair:1   | Entered Level 1 of the Lair of Beasts
  8358 | Lair:1   | Noticed Fannar
  8390 | Lair:1   | Killed Fannar
  8801 | Lair:1   | Reached skill level 12 in Axes
  8823 | Lair:1   | Received a gift from Okawaru
  9706 | Lair:2   | Found a hole to the Spider Nest.
  9714 | Lair:2   | Noticed a wolf spider
  9728 | Lair:2   | Killed a wolf spider
  9728 | Lair:2   | Reached skill level 10 in Fighting
  9823 | Lair:2   | Reached XP level 12. HP: 96/97 MP: 16/16
 10274 | Lair:3   | Noticed a six-headed hydra
 10293 | Lair:3   | Reached skill level 1 in Shields
 10563 | Lair:3   | Killed a six-headed hydra
 10563 | Lair:3   | Received a gift from Okawaru
 10563 | Lair:3   | Reached skill level 5 in Shields
 11200 | Lair:3   | Noticed a five-headed hydra
 11215 | Lair:3   | Killed a five-headed hydra
 11562 | Lair:4   | Reached skill level 13 in Axes
 11580 | Lair:4   | Noticed a five-headed hydra
 11595 | Lair:4   | Killed a five-headed hydra
 12119 | Lair:4   | Found a staircase to the Swamp.
 12551 | Lair:5   | Found a staircase to the Slime Pits.
 12552 | Lair:5   | Found a viscous altar of Jiyva.
 12644 | Lair:5   | Reached XP level 13. HP: 73/103 MP: 15/17
 12824 | Lair:5   | Reached skill level 10 in Shields
 13122 | Lair:5   | Received a gift from Okawaru
 13247 | Lair:6   | Entered Level 6 of the Lair of Beasts
 13273 | Lair:6   | Reached skill level 14 in Axes
 13663 | Lair:6   | Noticed a five-headed hydra
 13690 | Lair:6   | Killed a five-headed hydra
 14184 | Lair:6   | Reached XP level 14. HP: 110/110 MP: 18/18
 15216 | D:9      | Received a gift from Okawaru
 15253 | D:9      | OKA NOOOO
 15415 | D:9      | Cast into level 3 of the Abyss (a distortion unwield)
 15416 | Abyss:3  | thanks obama
 15443 | D:9      | Escaped the Abyss
 15444 | D:9      | be thankful oka that i didn't find a lugunu altar before i
                  | found the exit
 15709 | D:9      | Got a coiled lapis lazuli ring
 15965 | D:10     | Entered Level 10 of the Dungeon
 16005 | D:10     | Found a portal to a secret trove of treasure.
 16068 | D:10     | Found a flagged portal.
 16078 | Bailey   | Entered a bailey
 16092 | Bailey   | Noticed an orc warlord
 16164 | Bailey   | Found a runed translucent gate.
 16180 | Bailey   | Found a runed translucent gate.
 16182 | Bailey   | Found a runed translucent gate.
 16324 | Bailey   | Identified the ring of Equilibrium {rPois rF+} (You found
                  | it on level 9 of the Dungeon)
 16356 | Bailey   | Killed an orc warlord
 16356 | Bailey   | Reached skill level 15 in Axes
 16356 | Bailey   | Reached skill level 15 in Shields
 16375 | Bailey   | Identified Sif Muna's Handbook of Ignition
 16377 | Bailey   | Identified a scroll of acquirement
 16379 | Bailey   | Reached XP level 15. HP: 115/115 MP: 19/19
 16406 | D:10     | Reached skill level 16 in Axes
 16762 | D:10     | Found an ancient bone altar of Kikubaaqudgha.
 17029 | D:10     | Received a gift from Okawaru
 17865 | D:11     | Received a gift from Okawaru
 17866 | D:11     | Got a shimmering executioner's axe {god gift}
 17939 | D:11     | Identified the +1 executioner's axe "Qaviqam" {freeze,
                  | Dex+2 SInv} (Okawaru gifted it to you on level 11 of the
                  | Dungeon)
 17940 | D:11     | MEDIOCRE
 17941 | D:11     | but i'll wear it
 18349 | D:12     | Found a staircase to the Orcish Mines.
 18557 | D:12     | Got a steaming golden ring
 18559 | D:12     | Identified the ring of Azeukh {rElec rPois rF+ Int+6 Dex-2}
                  | (You acquired it on level 12 of the Dungeon)
 18894 | Orc:1    | Entered Level 1 of the Orcish Mines
 19029 | Orc:2    | Entered Level 2 of the Orcish Mines
 19029 | Orc:2    | Found a staircase to the Elven Halls.
 19029 | Orc:2    | Found Qiucku's Magic Scroll Shoppe.
 19077 | Orc:2    | Noticed a stone giant
 19086 | Orc:2    | Killed a stone giant
 19347 | Orc:1    | Reached skill level 10 in Armour
 19807 | Orc:2    | Reached XP level 16. HP: 120/124 MP: 22/22
 19879 | Orc:2    | Received a gift from Okawaru
 19894 | Orc:2    | Got an iridescent broad axe {god gift}
 19929 | Orc:2    | Found a roughly hewn altar of Beogh.
 20069 | Orc:2    | Found Busanur's General Store.
 20091 | Orc:2    | Found Xeusch's General Store.
 20382 | Orc:2    | Found Xakeokao's Antique Armour Boutique.
 20398 | Orc:2    | Found Hann's Food Shoppe.
 20849 | Orc:2    | Bought a scroll of identify for 26 gold pieces
 20849 | Orc:2    | Bought an uncursed amulet of magic regeneration for 390
                  | gold pieces
 20849 | Orc:2    | Bought a potion of heal wounds for 65 gold pieces
 20861 | Orc:2    | Identified the +2 broad axe of Regicide {pain, rPois rN+
                  | Str-3 Dex+4} (Okawaru gifted it to you on level 2 of the
                  | Orcish Mines)
 20902 | Orc:2    | Bought 3 scrolls of identify for 84 gold pieces
 20902 | Orc:2    | Bought a scroll of identify for 28 gold pieces
 21039 | D:13     | Found a roughly hewn altar of Beogh.
 21445 | D:13     | Noticed Frances
 21454 | D:13     | Killed Frances
 21454 | D:13     | Received a gift from Okawaru
 21472 | D:13     | Reached skill level 17 in Axes
 21550 | D:13     | Noticed Azrael
 21556 | D:13     | Killed Azrael
 22078 | D:13     | Received a gift from Okawaru
 22995 | D:14     | Found a gate to the Vaults.
 23407 | D:14     | Received a gift from Okawaru
 23473 | D:15     | Entered Level 15 of the Dungeon
 23547 | D:15     | Reached XP level 17. HP: 98/133 MP: 23/23
 23788 | D:15     | Noticed Agnes
 23808 | D:15     | Killed Agnes
 23808 | D:15     | Received a gift from Okawaru
 23820 | D:15     | Reached skill level 18 in Axes
 24005 | D:15     | Found Ugunirei's Armour Boutique.
 24013 | D:15     | Bought the +9 plate armour of the Bells {Int+7 Dex+3
                  | Stlth-} for 1513 gold pieces
 24038 | D:15     | Noticed Rupert
 24049 | D:15     | Killed Rupert
 24285 | D:15     | Found a staircase to the Depths.
 24543 | Spider:1 | Entered Level 1 of the Spider Nest
 25153 | Spider:1 | Found a transporter.
 25503 | Spider:1 | Found a transporter.
 25534 | Spider:1 | Reached ****** piety under Okawaru
 25765 | Spider:1 | HP: 4/135 [acid (7)]
 25767 | Spider:1 | Slain by a wolf spider

Skill      XL: |  1  2  3  4  5  6  7  8  9 10 11 12 13 14 15 16 17 |
---------------+----------------------------------------------------+-----
Armour         | 1 2 3 4 5 6 7 9 10 11 12 | 12.5
Axes           | 4 5 6 8 9 10 12 13 14 15 16 17 18 | 18.6
Fighting       | 4 5 6 7 8 10 12 | 12.9
Invocations    | 6 9 |  9.1
Shields        | 9 13 15 | 15.0
Dodging        | |  2.6
Stealth        | |  2.4

Action                   |  1- 3 |  4- 6 |  7- 9 | 10-12 | 13-15 | 16-18 || total
-------------------------+-------+-------+-------+-------+-------+-------++-------
Melee: Hand axe          |   111 |   160 |   690 |       |   280 |       ||  1241
       War axe           |       |       |    55 |   499 |   616 |       ||  1170
       Flail             |       |       |    19 |   186 |   216 |    15 ||   436
       Punch             |       |       |       |     4 |       |       ||     4
       Broad axe         |       |       |       |       |     8 |       ||     8
       Executioner's axe |       |       |       |       |   234 |   905 ||  1139
 Fire: Hand crossbow     |       |       |       |    28 |    33 |       ||    61
       Arbalest          |       |       |       |       |       |     1 ||     1
Invok: Heroism           |       |       |     2 |    14 |    21 |    11 ||    48
       Finesse           |       |       |       |     2 |     4 |     4 ||    10
 Abil: Dig               |       |    12 |    10 |     4 |    16 |     9 ||    51
       Shaft Self        |       |     2 |       |       |       |       ||     2
  Use: Potion            |       |    10 |     2 |     5 |     3 |     4 ||    24
       Scroll            |       |     3 |     5 |     8 |    12 |     2 ||    30
 Stab: Invisible         |       |       |       |       |       |     1 ||     1
  Eat: Chunk             |       |     3 |    11 |    18 |    19 |    15 ||    66
       Ration            |       |     2 |     1 |     2 |     2 |     2 ||     9
Armor: Chain mail        |    59 |    78 |   128 |       |       |       ||   265
       Robe              |     3 |       |       |       |       |       ||     3
       Skin              |       |    32 |     7 |    27 |       |       ||    66
       Plate armour      |       |       |   333 |   355 |   386 |   410 ||  1484
Dodge: Dodged            |    55 |    85 |   282 |   192 |   210 |   194 ||  1018
Block: Large shield      |       |       |       |   183 |  1022 |   978 ||  2183

Levels and vault maps discovered:
D:1:      grunt_arrival_lava_bath, layout_loops_ring
D:2:      layout_loops_ring, lemuel_round_altar, uniq_natasha
D:3:      layout_loops_ring, lemuel_crystal_altar, serial_bayou_pond_b,
          corner_web_ring
D:4:      minmay_spotlight, layout_rooms, first_ration
D:5:      layout_loops_cross, chequers_temple_overflow_statue_of_worship,
          minmay_temple_entry_gardened_gates, ashenzari_altar_1,
          uniq_blork_the_orc, uniq_edmund, uniq_eustachio
D:6:      layout_rooms, marbit_many_paths
D:7:      layout_basic, serial_shops, shop
D:8:      layout_rooms, nicolae_overflow_crystal_walls, minivault_12,
          uniq_maurice
D:9:      layout_irregular_city, dpeg_lair_monsters, uniq_erolcha
D:10:     layout_grid_maze, basic_altar, enter_trove_3, enter_bailey_2
D:11:     layout_basic, zaba_antful_of_joy
D:12:     layout_basic, david_orc_4, hangedman_pestilent_swarm
D:13:     layout_roguey [special_room_orc], wad_floor_pattern_untrapped,
          minivault_22, uniq_frances, uniq_azrael
D:14:     layout_irregular_city, lightli_vaults_fourway_checkpoint,
          minmay_crystal_room
D:15:     grunt_enter_depths_snipers, layout_basic, serial_shops, shop,
          corexii_corridor_pit, uniq_agnes, uniq_rupert
Temple:   regret_index_temple_generic_petals
Lair:1:   statuecave_lemuel, layout_loops_ring, pond, uniq_fannar
Lair:2:   layout_regular_city, spider_nest_entry_funnel_web,
          chequers_serial_rivers_micro_e, lemuel_fruit_tree
Lair:3:   layout_misc_corridors, serial_bayou_shore_b, grunt_megastairs_3
Lair:4:   layout_regular_city, swamp_mist_pool, grunt_megastairs_2
Lair:5:   layout_long_grid, slime_altar_1
Lair:6:   minmay_lair_end_enchanted_forest, layout_concentric_octagons
Spider:1: gammafunk_its_a_trap, guppyfry_spider_mini_2
Orc:1:    layout_caves
Orc:2:    st_orc_town, layout_diamond_mine, serial_shops, shop
Abyss:3:  grunt_abyss_rune_wretched_hive
Bailey:   bailey_axe_bossmonster_kennysheep, bailey
